 Dungeon Crawl Stone Soup version 0.30-a0-170-g85af917532 (webtiles) character file.

Game seed: 12013402896219783439

255 qw the Chopper (level 6, 0/37 HPs)
             Began as a Gargoyle Fighter on Sept 30, 2022.
             Killed from afar by an orc wizard (12 damage)
             ... with a puff of flame
             ... on level 3 of the Dungeon.
             The game lasted 00:01:11 (2717 turns).

qw the Chopper (Gargoyle Fighter)                   Turns: 2717, Time: 00:01:11

Health: 0/37       AC: 12    Str: 27    XL:     6   Next: 15%
Magic:  6/6        EV: 10    Int:  9    God:
Gold:   59         SH:  4    Dex:  9    Spells: 5/5 levels left

rFire   . . .      SeeInvis .    Y - +0 war axe
rCold   . . .      Faith    .    c - +0 buckler
rNeg    + + .      Spirit   .    b - +0 scale mail
rPois   inf        Reflect  .    (no helmet)
rElec   +          Harm     .    n - +0 cloak
rCorr   .          Rampage  .    (no gloves)
Will    .....                    (no boots)
Stlth   ..........               m - amulet of the acrobat
HPRegen 0.12/turn                g - ring of positive energy
MPRegen 0.10/turn                i - +6 ring of strength

@: no status effects
A: sickness immunity, AC +4, negative energy resistance 1, electricity
resistance, torment resistance 1, petrification resistance
a: no special abilities


You were on level 3 of the Dungeon.
You visited 1 branch of the dungeon, and saw 3 of its levels.

You collected 122 gold pieces.
You spent 63 gold pieces at shops.


Innate Abilities, Weirdness & Mutations

You are immune to sickness and miasma.
Your stone body is resilient. (AC +4)
You are immune to poison.
You resist negative energy. (rN+)
You are resistant to electric shocks. (rElec)
You are resistant to unholy torment.
You are immune to petrification.


   Skills:
 + Level 3.2 Fighting
 - Level 5.4 Axes
 - Level 3.2 Armour
 - Level 1.1 Dodging
 - Level 3.2 Shields


You had 5 spell levels left.
You didn't know any spells.
Your spell library was empty.

Inventory:

Hand Weapons
 f - the +4 hammer "Rauhiul" {vorpal, rCorr Int+2}
   (You found it on level 2 of the Dungeon)

   It inflicts extra damage upon your enemies.
   Int:       It affects your intelligence (+2).
   rCorr:     It protects you from acid and corrosion.
 k - a +0 flail
 Y - a +0 war axe (weapon)
Armour
 b - a +0 scale mail (worn)
 c - a +0 buckler (worn)
 n - a +0 cloak (worn)
 p - a +0 chain mail
Jewellery
 g - a ring of positive energy (left hand)
 i - a +6 ring of strength (right hand)
 m - an amulet of the acrobat (around neck)
Scrolls
 h - a scroll of teleportation {unknown}
 l - 5 scrolls of identify
 o - a scroll of enchant weapon {unknown}
Potions
 a - a potion of haste {unknown}
 d - a potion of might
 e - a potion of attraction
 j - 2 potions of brilliance {unknown}

Dungeon Overview and Level Annotations

Branches:
Dungeon (3/15)

Altars:

Shops:
D:3 [

Annotations:
D:2 1 runed translucent door, Crazy Yiuf


Message History

There is a strange disturbance nearby!
Something hits you but does no damage.
You're too confused to attack without stumbling around!
There is a strange disturbance nearby!
Something hits you but does no damage.
You're too confused to attack without stumbling around!
There is a strange disturbance nearby!
Something hits you but does no damage.
You're too confused to attack without stumbling around!
There is a strange disturbance nearby!
An orc wizard appears from thin air!
Reactivating autopickup.
The orc wizard misses you.
You closely miss the orc wizard.
The orc wizard is moderately wounded.
The orc wizard misses you. The orc wizard casts a spell at you.
The magic dart hits you.
You slash the orc wizard!
The orc wizard is almost dead.
The orc wizard hits you but does no damage.
The orc wizard gestures at you while chanting.
The magic dart hits you but does no damage.
You miss the orc wizard.
The orc wizard is almost dead.
The orc wizard gestures at you while chanting.
The puff of flame hits you but does no damage.
The orc wizard attacks as you move away!
The orc wizard hits you but does no damage.
You feel less confused.
The orc wizard points at you and mumbles some strange words.
The magic dart hits you!
You hit the orc wizard.
The orc wizard is almost dead.
The orc wizard hits you but does no damage.
You completely miss the orc wizard.
The orc wizard is almost dead.
The orc wizard points at you and mumbles some strange words.
The puff of flame hits you!
You die...

###### . ....). ...
#..... }. #.}..#### ..
#......# .. #.....# .#
#..$.# .# #..@.# .#
#...o#### .# #.......###
.## #..#.##...# ..##
#..##.####.### ...## ..
#.........<...# ..}.##
..##.}..........###
..)..##'##.....##.####.#
................... #.#


You could see an orc wizard.

Vanquished Creatures
  An ogre (D:3)
  Ijyb (D:3)
  Terence (D:2)
  An orc wizard (D:3)
  2 adders
  A worm (D:3)
  3 dart slugs
  5 orcs (D:3)
  10 bats
  6 endoplasms
  3 giant cockroaches
  4 goblins
  7 hobgoblins
  3 jackals (D:1)
  A kobold (D:2)
  4 ball pythons
  3 frilled lizards
  4 rats
60 creatures vanquished.

Vanquished Creatures (others)
  3 plants (D:1)
3 creatures vanquished.

Grand Total: 63 creatures vanquished

Notes
Turn   | Place    | Note
-------+----------+-------------------------------------------
     0 | D:1      | qw the Gargoyle Fighter began the quest for the Orb.
     0 | D:1      | Reached XP level 1. HP: 14/14 MP: 1/1
     0 | D:1      | 0 ||| qw: Version: 0.2-a-12-gaebbb33
     0 | D:1      | 0 ||| qw: Game counter: 1607
     0 | D:1      | 0 ||| qw: Always use a shield: true
     0 | D:1      | 0 ||| qw: God list: Okawaru
     0 | D:1      | 0 ||| qw: Allow faded altars: false
     0 | D:1      | 0 ||| qw: Do Orc after D:15 true
     0 | D:1      | 0 ||| qw: Do second Lair branch before Depths: true
     0 | D:1      | 0 ||| qw: Lair rune preference: random
     0 | D:1      | 0 ||| qw: Plans: Normal, Zot:1-4, God:TSO, Crypt, Tomb,
                  | Pan, Slime:5, Hells, Abyss, Orb
     0 | D:1      | 0 ||| PLANNING D:1-11
    19 | D:1      | Reached skill level 2 in Axes
    66 | D:1      | Found a faded altar of an unknown god.
   335 | D:1      | Reached XP level 2. HP: 19/19 MP: 2/2
   598 | D:1      | Reached skill level 3 in Axes
   712 | D:1      | Reached XP level 3. HP: 22/23 MP: 3/3
   800 | D:1      | 800 ||| Stepping ~*~*~tactically~*~*~ (stealth).
   832 | D:1      | 832 ||| Stepping ~*~*~tactically~*~*~ (stealth).
  1048 | D:1      | 1048 ||| Stepping ~*~*~tactically~*~*~ (hiding).
  1129 | D:1      | 1129 ||| UPGRADING to +0 cloak.
  1134 | D:1      | 1134 ||| UPGRADING to amulet of the acrobat.
  1139 | D:1      | 1139 ||| UPGRADING to ring of positive energy.
  1140 | D:1      | 1140 ||| READING 3 scrolls labelled QAH NASYTTU.
  1141 | D:1      | 1141 ||| READING scroll labelled LILUJO RICUI.
  1142 | D:1      | 1142 ||| READING scroll labelled QAAZXA JAUZONN.
  1143 | D:1      | 1143 ||| READING scroll labelled ANOHINWETE.
  1144 | D:1      | 1144 ||| READING 2 scrolls labelled IRURGH TAPOX.
  1145 | D:1      | 1145 ||| DRINKING 2 amethyst potions.
  1146 | D:1      | 1146 ||| DROPPING 2 scrolls of fog.
  1246 | D:2      | Identified the +8 hammer of Veoffuej {venom, rPois Stlth+}
  1248 | D:2      | 1248 ||| DROPPING +0 whip.
  1252 | D:2      | Found a runed translucent door.
  1253 | D:2      | Noticed Crazy Yiuf
  1255 | D:2      | 1255 ||| DROPPING +2 vorpal hammer.
  1256 | D:2      | Identified the +4 hammer "Rauhiul" {vorpal, rCorr Int+2}
  1410 | D:2      | 1410 ||| Stepping ~*~*~tactically~*~*~ (stealth).
  1414 | D:2      | 1414 ||| Stepping ~*~*~tactically~*~*~ (stealth).
  1731 | D:2      | Reached XP level 4. HP: 28/28 MP: 4/4
  1741 | D:2      | Noticed Terence
  1752 | D:2      | Killed Terence
  1753 | D:2      | Reached skill level 4 in Axes
  1892 | D:2      | 1892 ||| DROPPING +8 hammer of Veoffuej {venom, rPois
                  | Stlth+}.
  2021 | D:2      | 2021 ||| UPGRADING to +6 ring of strength.
  2022 | D:2      | 2022 ||| READING scroll labelled WOQUTA UTTU.
  2023 | D:2      | 2023 ||| DRINKING 2 black potions.
  2024 | D:2      | 2024 ||| DROPPING potion of flight.
  2064 | D:3      | 2064 ||| Stepping ~*~*~tactically~*~*~ (stealth).
  2067 | D:3      | 2067 ||| Stepping ~*~*~tactically~*~*~ (hiding).
  2097 | D:3      | Reached XP level 5. HP: 27/32 MP: 5/5
  2160 | D:3      | 2160 ||| Stepping ~*~*~tactically~*~*~ (stealth).
  2164 | D:3      | 2164 ||| Stepping ~*~*~tactically~*~*~ (stealth).
  2167 | D:3      | 2167 ||| Stepping ~*~*~tactically~*~*~ (stealth).
  2177 | D:3      | 2177 ||| Stepping ~*~*~tactically~*~*~ (hiding).
  2180 | D:3      | 2180 ||| Stepping ~*~*~tactically~*~*~ (stealth).
  2207 | D:3      | Noticed an ogre
  2219 | D:3      | Killed an ogre
  2220 | D:3      | Reached skill level 5 in Axes
  2229 | D:3      | 2229 ||| Stepping ~*~*~tactically~*~*~ (stealth).
  2233 | D:3      | 2233 ||| FLEEEEING.
  2234 | D:3      | 2234 ||| FLEEEEING.
  2235 | D:3      | 2235 ||| FLEEEEING.
  2239 | D:3      | 2239 ||| FLEEEEING.
  2452 | D:3      | Found Reogg's Armour Shop.
  2458 | D:3      | 2458 ||| Stepping ~*~*~tactically~*~*~ (stealth).
  2459 | D:3      | 2459 ||| Stepping ~*~*~tactically~*~*~ (stealth).
  2532 | D:3      | Reached XP level 6. HP: 35/37 MP: 6/6
  2571 | D:3      | 2571 ||| BUYING +0 chain mail (63 gold).
  2571 | D:3      | Bought a +0 chain mail for 63 gold pieces
  2571 | D:3      | 2571 ||| SHOPLISTING +0 pair of boots (63 gold, have 59).
  2571 | D:3      | 2571 ||| SHOPLISTING +1 chain mail of Anaesthesia {Regen+
                  | Str+4} (348 gold, have 59).
  2571 | D:3      | 2571 ||| SHOPLISTING +11 plate armour of Jevo {rC+} (1288
                  | gold, have 59).
  2605 | D:3      | Noticed Ijyb
  2622 | D:3      | Killed Ijyb
  2623 | D:3      | Reached skill level 1 in Dodging
  2717 | D:3      | Killed from afar by an orc wizard

Levels and vault maps discovered:
D:1:      minmay_arrival_doors, layout_loops_ring,
          ebering_ecumenical_altar_petrified, serial_forest,
          infiniplex_forest_straight_3, infiniplex_forest_lined_corner,
          infiniplex_forest_lined_room_2, infiniplex_forest_end_2,
          infiniplex_forest_corner_1, infiniplex_forest_clump_tiny,
          infiniplex_forest_clump_long, infiniplex_forest_lined_corner,
          infiniplex_forest_straight_3, minmay_pentomino_z4
D:2:      layout_basic, uniq_terence, uniq_crazy_yiuf_cottage
D:3:      layout_rooms, nicolae_overflow_ecumenical_swirl, serial_shops, shop,
          uniq_ijyb

Skill      XL: |  1  2  3  4  5  6 |
---------------+-------------------+-----
Axes           | 2 3 4 5 |  5.4
Dodging        | 1 |  1.1
Fighting       | |  3.2
Armour         | |  3.2
Shields        | |  3.2

Action                   |  1- 3 |  4- 6 || total
-------------------------+-------+-------++-------
Melee: War axe           |    80 |   100 ||   180
  Use: Scroll            |     5 |     1 ||     6
       Potion            |     1 |     1 ||     2
Armor: Scale mail        |    33 |    44 ||    77
Dodge: Dodged            |    36 |    38 ||    74
Block: Buckler           |    15 |    10 ||    25

Table legend:
 A = Non-vault XP
 B = Vault XP
 C = Vault XP percentage of total XP
 D = Non-vault monster count
 E = Vault monster count
 F = Vault count percentage of total count
                 A         B        C        D         E       F
            +---------+---------+-------+---------+---------+-------
      Total |     290 |      75 |  20.5 |      56 |       4 |   6.7
            +---------+---------+-------+---------+---------+-------
        D:1 |      48 |       3 |   5.9 |      26 |       2 |   7.1
        D:2 |      31 |      36 |  53.7 |       9 |       1 |  10.0
        D:3 |     211 |      36 |  14.6 |      21 |       1 |   4.5
            +---------+---------+-------+---------+---------+-------
